 Dungeon Crawl Stone Soup version 0.28-a0-203-gf40de95187 (console) character file.

Game seed: 81579636344271292

56 FIQ the Gusty (level 3, -3/24 HPs)
             Began as a Demonspawn Air Elementalist on Aug 20, 2021.
             Was a Believer of Yredelemnul.
             Slain by a gnoll (5 damage)
             ... on level 2 of the Dungeon.
             The game lasted 00:05:09 (1437 turns).

FIQ the Gusty (Demonspawn Air Elementalist)         Turns: 1437, Time: 00:05:10

Health: -3/24      AC:  4    Str:  8    XL:     3   Next: 71%
Magic:  1/6        EV: 12    Int: 17    God:    Yredelemnul [**....]
Gold:   36         SH:  0    Dex: 13    Spells: 5/6 levels left

rFire   . . .      SeeInvis .   (no weapon)
rCold   . . .      Faith    .   (no shield)
rNeg    . . .      Spirit   .   a - +0 robe
rPois   .          Reflect  .   (no helmet)
rElec   .          Harm     .   (no cloak)
rCorr   .          Rampage  .   (no gloves)
Will    .....                   (no boots)
Stlth   ++........              (no amulet)
HPRegen 0.08/turn               (no ring)
MPRegen 0.10/turn               (no ring)

@: no status effects
A: yellow scales 1, foul stench 1
a: Renounce Religion, Animate Remains, Recall Undead Slaves, Injury Mirror


You were on level 2 of the Dungeon.
You worshipped Yredelemnul.
Yredelemnul was pleased with you.
You visited 1 branch of the dungeon, and saw 2 of its levels.

You collected 36 gold pieces.

Inventory:

Armour
 a - a +0 robe (worn)
Scrolls
 b - a scroll of vulnerability {unknown}
 c - a scroll of holy word {unknown}


   Skills:
 + Level 2.3 Dodging
 - Level 1.7 Stealth
 + Level 2.4 Spellcasting
 + Level 1.7 Conjurations
 + Level 3.1 Air Magic
 + Level 1.6 Invocations


You had 5 spell levels left.
You knew the following spells:

 Your Spells              Type           Power      Damage    Failure   Level
a - Shock                 Conj/Air       40%        1d5       7%          1

Your spell library contained the following spells:

 Spells                   Type           Power      Damage    Failure   Level
 Static Discharge         Conj/Air       10%        N/A       11%         2
 Swiftness                Air            12%        N/A       16%         3
 Airstrike                Air            6%         N/A       45%         4


Dungeon Overview and Level Annotations

Branches:
Dungeon (2/15)

Altars:
Yredelemnul


Innate Abilities, Weirdness & Mutations

You are partially covered in yellow scales. (AC +2)
You may rarely emit foul miasma when damaged in melee.


Message History

Casting: Shock (safe; 8% risk of failure)
Confirm with . or Enter, or press ? or * to list all spells.
Aiming: Shock (safe; 8% risk of failure)
Press: ? - help, Shift-Dir - straight line The zap hits the gnoll.
You kill the gnoll!
Yredelemnul accepts your kill.
The zap hits the gnoll but does no damage.
The gnoll is almost dead.
The zap hits the gnoll.
You kill the gnoll!
Yredelemnul accepts your kill.
You can now recall your undead slaves.
You can now mirror injuries on your foes.
A gnoll is nearby!
You are too injured to fight recklessly!
Casting: Shock (safe; 7% risk of failure)
Confirm with . or Enter, or press ? or * to list all spells.
Aiming: Shock (safe; 7% risk of failure)
Press: ? - help, Shift-Dir - straight line The zap hits the gnoll.
The gnoll is moderately wounded.
The gnoll shouts!
The zap hits the gnoll.
The gnoll is heavily wounded.
You hear a shout!
Casting: Shock (safe; 7% risk of failure)
Confirm with . or Enter, or press ? or * to list all spells.
Aiming: Shock (safe; 7% risk of failure)
Press: ? - help, Shift-Dir - straight line The zap hits the gnoll.
The gnoll is heavily wounded.
The gnoll hits you with a +0 club.
* * * LOW HITPOINT WARNING * * *
You aren't carrying any potions.
Okay, then.
The gnoll hits you with a +0 club.
* * * LOW HITPOINT WARNING * * *
The gnoll hits you with a +0 club.
You die...
Your body rises from the dead as a mindless zombie.

....... .......
.......########
....g>....g...#
##..#.#######)#
.........#g# #.
###.#.# #
#...g.# #..
##.#..@# #..
#......#
#..##.#....#
####...#.#..#.#
.......#.#..#.#
.......#.#..#.#
.........#..<..
........###.#..
............#.


You could see 2 gnolls.

Vanquished Creatures
  2 gnolls (D:2)
  A worm (D:2)
  A dart slug (D:2)
  A bat (D:1)
  An endoplasm (D:2)
  2 giant cockroaches
  2 goblins (D:2)
  4 hobgoblins
  5 jackals
  A quokka (D:1)
  4 ball pythons
  A frilled lizard (D:1)
  2 kobolds
  3 rats
30 creatures vanquished.

Notes
Turn   | Place    | Note
-------+----------+-------------------------------------------
     0 | D:1      | FIQ the Demonspawn Air Elementalist began the quest for the
                  | Orb.
     0 | D:1      | Reached XP level 1. HP: 13/13 MP: 3/3
   147 | D:1      | Found a faded altar of an unknown god.
   179 | D:1      | Became a worshipper of Yredelemnul the Dark
   179 | D:1      | Reached * piety under Yredelemnul
   248 | D:1      | Gained mutation: You may rarely emit foul miasma when
                  | damaged in melee. [demonic ancestry]
   248 | D:1      | Reached XP level 2. HP: 19/19 MP: 0/5
   665 | D:1      | You fall into a shaft and drop 1 floor!
   681 | D:2      | Reached skill level 1 in Invocations
  1094 | D:2      | Gained mutation: You are partially covered in yellow
                  | scales. (AC +2) [demonic ancestry]
  1094 | D:2      | Reached XP level 3. HP: 24/24 MP: 0/6
  1259 | D:2      | Reached skill level 3 in Air Magic
  1431 | D:2      | Reached ** piety under Yredelemnul
  1437 | D:2      | Slain by a gnoll

Illustrated notes

Levels and vault maps discovered:
D:1:      dpeg_arrival_stonehenge_8_columns, layout_basic,
          hellmonk_ecumenical_altar_heavens_door, corexii_leaking_fountain,
          corexii_item_surrounded_by_moat
D:2:      layout_basic

Skill      XL: |  1  2  3 |
---------------+----------+-----
Dodging        | 2 |  2.3
Invocations    | 1 |  1.6
Air Magic      | 3 |  3.1
Stealth        | |  1.7
Spellcasting   | |  2.4
Conjurations   | |  1.7

Action                   || total
-------------------------++-------
Melee: Unarmed           ||    46
 Cast: Shock             ||    61
Armor: Robe              ||    19
Dodge: Dodged            ||    62

Table legend: (Time is in decaauts)
 A = Elapsed time spent in this place.
 B = Non-inter-level travel time spent in this place.
 C = Inter-level travel time spent in this place.
 D = Time resting spent in this place.
 E = Time spent auto-exploring this place.
 F = Levels seen in this place.
 G = Mean time per level.
                   A        B        C        D        E       F      G
               +--------+--------+--------+--------+--------+-----+--------+
         Total |   1437 |   1437 |      0 |      0 |   1142 |   2 |  718.5 |
       Dungeon |   1437 |   1437 |      0 |      0 |   1142 |   2 |  718.5 |
               +--------+--------+--------+--------+--------+-----+--------+

Top non-repeatable levels by time:
     D:2: 771 daAuts
     D:1: 665 daAuts
